Get step-by-step instructions on how to execute this build order below. Start the game timer, and the build order will tick by so you can play in parallel with StarCraft on a second screen or mobile device.

Game Time

  0:00

Last Step

  N/A

Next Step

Upcoming Step



Don't want to look back and forth between 2 screens? Try out our Overwolf App, the Spawning Tool Build Advisor to get an in-game overlay with this build!

Complete Build Order

  12  0:00  Probe  
  13  0:12  Probe  
  14  0:20  Pylon  
  14  0:24  Probe  
  15  0:38  Probe (Chrono Boost)  
  15  0:41  Gateway  
  16  0:47  Probe (Chrono Boost)  
  17  0:50  Assimilator  
  17  0:52  Probe  
  18  1:04  Probe  
  19  1:16  Probe  
  20  1:27  Nexus  
  20  1:38  Cybernetics Core  
  20  1:40  Probe  
  21  1:48  Assimilator  
  21  1:53  Probe  
  22  1:55  Pylon  
  22  2:06  Probe (Chrono Boost)  
  23  2:11  Adept (Chrono Boost)  
  25  2:18  Probe (Chrono Boost)  
  25  2:19  Stargate  
  26  2:23  Probe (Chrono Boost)  
  27  2:31  Warp Gate  
  27  2:32  Probe  
  27  2:34  Adept (Chrono Boost)  
  30  2:40  Probe  
  31  2:44  Probe  
  32  2:52  Probe  
  32  2:56  Probe  
  32  2:57  Adept  
  36  3:04  Oracle (Chrono Boost), Probe  
  37  3:08  Probe  
  41  3:14  Pylon  
  41  3:16  Probe  
  42  3:21  Gateway  
  42  3:22  Probe  
  43  3:28  Probe  
  43  3:34  Oracle (Chrono Boost), Probe  
  45  3:40  Probe  
  49  3:46  Probe  
  50  3:52  Probe  
  51  3:58  Probe  
  51  3:59  Nexus  
  51  4:00  Pylon  
  48  4:04  Probe  
  48  4:08  Oracle (Chrono Boost), Pylon  
  49  4:10  Probe  
  49  4:16  Assimilator  
  49  4:17  Probe  
  54  4:21  Assimilator  
  54  4:24  Adept x2  
  54  4:26  Probe  
  59  4:32  Probe  
  59  4:34  Robotics Facility  
  59  4:38  Probe  
  61  4:44  Probe  
  61  4:45  Forge  
  62  4:57  Probe (Chrono Boost)  
  62  4:59  Probe (Chrono Boost)  
  64  5:00  Gateway  
  64  5:01  Pylon  
  64  5:07  Pylon  
  64  5:12  Sentry  
  64  5:13  Probe (Chrono Boost)  
  64  5:14  Shield Battery, Probe x2 (Chrono Boost)  
  69  5:18  Protoss Ground Weapons Level 1  
  72  5:22  Probe x3 (Chrono Boost)  
  72  5:26  Observer  
  73  5:29  Robotics Facility, Probe (Chrono Boost)  
  73  5:30  Probe (Chrono Boost)  
  73  5:31  Pylon  
  73  5:32  Probe (Chrono Boost), Robotics Bay  
  76  5:36  Probe  
  76  5:40  Assimilator x2, Probe  
  78  5:44  Probe  
  78  5:45  Pylon  
  78  5:48  Probe  
  80  5:56  Probe  
  81  6:00  Gateway  
  81  6:01  Gateway, Probe x2  
  81  6:04  Gateway  
  83  6:06  Pylon  
  83  6:08  Probe  
  83  6:10  Immortal (Chrono Boost)  
  88  6:12  Twilight Council  
  88  6:20  Colossus (Chrono Boost)  
  88  6:22  Probe  
  95  6:33  Zealot x3  
  95  6:35  Observer  
  103  6:44  Colossus (Chrono Boost)  
  101  6:50  Charge  
  101  6:52  Templar Archives  
  101  6:54  Photon Cannon  
  101  7:03  Shield Battery  
  101  7:04  Pylon  
  101  7:05  Zealot  
  101  7:06  Zealot x4  
  117  7:11  Colossus (Chrono Boost)  
  117  7:12  Pylon  
  117  7:13  Photon Cannon, Pylon  
  117  7:15  Photon Cannon  
  117  7:18  Zealot  
  117  7:19  Protoss Ground Weapons Level 2 (Chrono Boost)  
  119  7:23  Extended Thermal Lance  
  118  7:31  High Templar x2  
  118  7:32  Zealot x3  
  118  7:34  Pylon  
  128  7:43  Archon  
  128  7:46  Probe x3  
  131  7:55  Nexus, Colossus (Chrono Boost)  
  131  8:03  High Templar x2  
  141  8:06  Shield Battery  
  141  8:07  Archon  
  141  8:08  Pylon  
  141  8:11  Stalker  
  143  8:13  Probe x3  
  146  8:21  Pylon x3  
  146  8:22  Pylon  
  146  8:25  Immortal (Chrono Boost)  
  150  8:30  High Templar x2  
  150  8:32  Observer  
  150  8:33  Pylon  
  154  8:34  Archon  
  154  8:37  Pylon  
  154  8:42  Probe x3  
  154  8:43  Immortal (Chrono Boost)  
  157  8:50  High Templar  
  157  8:51  High Templar  
  157  8:54  Probe  
  157  8:55  Zealot x2  
  158  8:56  Photon Cannon  
  158  8:59  Archon, Shield Battery  
  158  9:01  Shield Battery  
  158  9:04  Probe x2  
  158  9:08  High Templar x2  
  164  9:12  Gateway  
  164  9:13  Archon  
  164  9:14  Gateway  
  164  9:17  Gateway, Immortal (Chrono Boost)  
  164  9:18  Gateway  
  164  9:24  Zealot x4  
  170  9:31  Immortal (Chrono Boost)  
  176  9:35  Probe x4  
  176  9:36  Assimilator  
  184  9:40  Assimilator  
  184  9:41  High Templar x2  
  184  9:43  Pylon  
  184  9:45  Photon Cannon  
  185  9:47  Archon  
  185  9:49  Photon Cannon  
  185  9:50  Protoss Ground Weapons Level 3 (Chrono Boost)  
  185  9:52  Zealot x3  
  185  10:02  Probe  
  185  10:05  Pylon  
  182  10:13  Psionic Storm  
  178  10:22  High Templar x2  
  178  10:23  High Templar x2  
  178  10:27  Zealot x6  
  198  10:28  Photon Cannon  
  198  10:29  Photon Cannon  
  190  10:45  Photon Cannon  
  190  10:46  Nexus, Photon Cannon  
  190  10:48  Photon Cannon  
  190  10:49  Shield Battery  
  175  11:04  High Templar x4  
  179  11:07  Zealot  
  179  11:09  Archon  
  179  11:10  Archon  
  185  11:15  Nexus  
  185  11:17  Fleet Beacon, Pylon  
  183  11:19  Stargate  
  183  11:20  Warp Prism  
  181  11:26  Probe x2 (Chrono Boost)  
  181  11:30  Probe (Chrono Boost)  
  168  11:35  Protoss Air Weapons Level 1, Probe (Chrono Boost)  
  168  11:37  Probe (Chrono Boost)  
  168  11:38  Probe (Chrono Boost)  
  171  11:40  Probe (Chrono Boost)  
  171  11:41  Zealot x6  
  171  11:42  Zealot  
  171  11:43  Probe (Chrono Boost)  
  179  11:49  High Templar x2  
  179  11:50  Zealot, Probe x2  
  179  11:53  Archon  
  179  11:54  Probe  
  186  12:02  Nexus  
  186  12:16  High Templar x4  
  186  12:18  Shield Battery  
  186  12:21  Photon Cannon, Archon x2  
  194  12:24  Mothership (Chrono Boost)  
  194  12:26  Blink  
  200  12:30  Pylon  
  193  12:39  Gateway  
  193  12:40  Gateway  
  187  12:52  Carrier (Chrono Boost), Zealot x2  
  197  13:11  Assimilator  
  197  13:12  Assimilator  
  195  13:13  Photon Cannon  
  195  13:15  Observer (Chrono Boost)  
  195  13:17  Photon Cannon x2  
  190  13:32  Photon Cannon  
  190  13:33  Photon Cannon  
  186  13:34  Pylon  
  186  13:38  Photon Cannon  
  186  13:39  Photon Cannon  
  186  13:40  Photon Cannon  
  188  13:55  Zealot x4  
  183  14:11  Probe x2  
  183  14:12  Probe  
  183  14:13  Probe x2  
  183  14:16  High Templar x4  
  184  14:17  High Templar x2  
  184  14:20  Archon  
  184  14:21  Archon x2  
  184  14:23  Probe x2  
  188  14:24  Probe  
  188  14:25  Probe x2  
  188  14:30  Zealot  
  187  14:35  Probe  
  186  14:48  Archon